 Dungeon Crawl Stone Soup version 0.29-a0-330-g52719c12eb (webtiles) character file.

Game seed: 15035160489079641737

77 kae the Firebug (level 3, 0/26 HPs)
             Began as a Demigod Fire Elementalist on Apr 21, 2022.
             Slain by a hound (4 damage)
             ... on level 2 of the Dungeon.
             The game lasted 00:01:04 (2330 turns).

kae the Firebug (Demigod Fire Elementalist)         Turns: 2330, Time: 00:01:05

Health: 0/26       AC:  2    Str:  8 (9)  XL:     3   Next: 91%
Magic:  0/9        EV: 12    Int: 20 (21) God:
Gold:   87         SH:  0    Dex: 12 (14) Spells: 3/6 levels left

rFire   . . .      SeeInvis .   d - +0 short sword
rCold   . . .      Faith    .   (no shield)
rNeg    . . .      Spirit   +   a - +0 robe
rPois   .          Reflect  .   (no helmet)
rElec   .          Harm     .   (no cloak)
rCorr   .          Rampage  .   (no gloves)
Will    .....                   (no boots)
Stlth   ++........              f - amulet of guardian spirit
HPRegen 0.08/turn               (no ring)
MPRegen 0.11/turn               (no ring)

@: attractive, hasted, very quick
A: high MP 1, forlorn, divine attributes
a: no special abilities


You were on level 2 of the Dungeon.
You visited 1 branch of the dungeon, and saw 3 of its levels.

You collected 87 gold pieces.

Inventory:

Hand Weapons
 d - a +0 short sword (weapon)
Armour
 a - a +0 robe (worn)
Jewellery
 e - a +4 ring of protection
 f - an amulet of guardian spirit (around neck)
 j - a ring of resist corrosion
Scrolls
 g - 2 scrolls of teleportation {unknown}
 k - 2 scrolls of identify {unknown}
Potions
 b - a potion of magic


   Skills:
 + Level 2.3 Dodging
 + Level 2.5 Stealth
 + Level 2.2 Spellcasting
 + Level 1.7 Conjurations
 + Level 3.1 Fire Magic


You had 3 spell levels left.
You knew the following spells:

 Your Spells              Type           Power      Damage    Failure   Level
a - Foxfire               Conj/Fire      48%        2x1d6     5%          1
b - Scorch                Fire           28%        2d6       6%          2

Your spell library contained the following spells:

 Spells                   Type           Power      Damage    Failure   Level
 Freeze                   Ice            8%         1d3       16%         1
 Summon Small Mammal      Summ           8%         N/A       16%         1
 Conjure Flame            Conj/Fire      12%        6-21      17%         3
 Inner Flame              Hex/Fire       8%         N/A       24%         3
 Call Canine Familiar     Summ           2%         N/A       43%         3
 Frozen Ramparts          Ice            4%         1d2       43%         3
 Summon Guardian Golem    Hex/Summ       2%         N/A       43%         3
 Flame Wave               Conj/Fire      12%        2d6       50%         4
 Hailstorm                Conj/Ice       5%         3d4       71%         4


Dungeon Overview and Level Annotations

Branches:
Dungeon (3/15)


Innate Abilities, Weirdness & Mutations

You have an increased reservoir of magic. (+10% MP)
You shall have no god before yourself.
Your divine heritage dramatically boosts your attributes as you level up.


Message History

Casting: Scorch (safe; 6% risk of failure)
Confirm with . or Enter, or press ? or * to list all spells.
You don't have enough magic to cast this spell.
Casting: Scorch (safe; 6% risk of failure)
Confirm with . or Enter, or press ? or * to list all spells.
You don't have enough magic to cast this spell.
You closely miss the hound.
The hound is moderately wounded.
The hound misses you.
You closely miss the hound.
The hound is moderately wounded.
The hound barely misses you.
You hit the hound.
The hound is heavily wounded.
The hound closely misses you.
You barely miss the hound.
The hound is heavily wounded.
The hound bites you.
Okay, then.
You hit the hound.
The hound is severely wounded.
The hound bites you.
You barely miss the hound.
The hound is severely wounded.
The hound closely misses you.
You hit the hound but do no damage. You punch the hound, but do no damage.
The hound is severely wounded.
The hound bites you but does no damage.
Casting: Scorch (safe; 6% risk of failure)
Confirm with . or Enter, or press ? or * to list all spells.
You conjure some foxfire!
The hound bites you.
The foxfire hits the hound but does no damage.
The hound is severely wounded.
The hound bites you.
* * * LOW HITPOINT WARNING * * *
Your magical contamination has completely faded away.
You hit the hound.
The hound is severely wounded.
The hound bites you.
You die...

#..#####......##.#
#....#...####.##.#
#.##.#..(# #.##.#
#.##.....# #.....
#.##.....# #..#.#
#.##.#...####..#..
#.##.............#
#v##.########[....
#@##.########.....
#.h...>.....^.....
####.########.....
#...........##.
##########..(..
#..... ######


You could see a hound (ally target).

Vanquished Creatures
  3 adders (D:2)
  A dart slug (D:1)
  6 endoplasms
  4 giant cockroaches
  3 hobgoblins
  3 jackals
  2 quokkas
  5 ball pythons
  4 bats
  A frilled lizard (D:2)
  3 goblins (D:1)
  6 kobolds
  5 rats
46 creatures vanquished.

Vanquished Creatures (others)
  165 foxfires
165 creatures vanquished.

Grand Total: 211 creatures vanquished

Notes
Turn   | Place    | Note
-------+----------+-------------------------------------------
     0 | D:1      | kae the Demigod Fire Elementalist began the quest for the
                  | Orb.
     0 | D:1      | Reached XP level 1. HP: 14/14 MP: 5/5
     4 | D:1      | Noticed an electric eel
     5 | D:1      | Noticed an electric eel
    83 | D:1      | Reached skill level 1 in Conjurations
   207 | D:1      | Reached XP level 2. HP: 7/20 MP: 0/7
  1267 | D:2      | Reached skill level 3 in Fire Magic
  1267 | D:2      | Reached XP level 3. HP: 20/26 MP: 1/8
  2033 | D:2      | Learned a level 2 spell: Scorch
  2291 | D:2      | HP: 1/26 [jackal (3)]
  2330 | D:2      | Slain by a hound

Illustrated notes

Levels and vault maps discovered:
D:1:      arrival_aquarium_b, layout_rooms, basic_ecumenical_altar,
          minmay_indecisive_spiral
D:2:      layout_loops_ring
D:3:      cheibrodos_helix_gallery, layout_rooms

Skill      XL: |  1  2 |
---------------+-------+-----
Conjurations   | 1 |  1.7
Stealth        | 2 |  2.5
Dodging        | 2 |  2.3
Spellcasting   | 2 |  2.2
Fire Magic     | 3 |  3.1

Action                   || total
-------------------------++-------
Melee: Short sword       ||    28
       Punch             ||     2
 Cast: Foxfire           ||    98
  Use: Scroll            ||     3
       Potion            ||     5
 Stab: Sleeping          ||     1
Armor: Robe              ||    18
Dodge: Dodged            ||    63

Table legend: (Time is in decaauts)
 A = Elapsed time spent in this place.
 B = Non-inter-level travel time spent in this place.
 C = Inter-level travel time spent in this place.
 D = Time resting spent in this place.
 E = Time spent auto-exploring this place.
 F = Levels seen in this place.
 G = Mean time per level.
                   A        B        C        D        E       F      G
               +--------+--------+--------+--------+--------+-----+--------+
         Total |   2318 |   2263 |     55 |     31 |   1871 |   3 |  772.7 |
       Dungeon |   2318 |   2263 |     55 |     31 |   1871 |   3 |  772.7 |
               +--------+--------+--------+--------+--------+-----+--------+

Top non-repeatable levels by time:
     D:1: 1255 daAuts
     D:2: 1047 daAuts
     D:3: 15 daAuts
